 Dungeon Crawl Stone Soup version 0.23.0-42-geed6394 (webtiles) character file.

Game seed: 12333376461792442607

1442 Fang the Skirmisher (level 8, -3/52 HPs)
             Began as a Gargoyle Berserker on Feb 28, 2019.
             Was a Believer of Trog.
             Slain by Harold
             ... wielding a +0 long sword
              (19 damage)
             ... on level 7 of the Dungeon.
             The game lasted 00:06:51 (7272 turns).

Fang the Skirmisher (Gargoyle Berserker)            Turns: 7272, Time: 00:06:52

Health: -3/52      AC: 16    Str: 22    XL:     8   Next: 74%
Magic:  8/8        EV:  9    Int:  9    God:    Trog [**....]
Gold:   316        SH:  6    Dex:  9    Spells: 7/7 levels left

rFire    . . .     SeeInvis .   a - +0 hand axe (chaos)
rCold    . . .     Gourm    .   (no shield)
rNeg     + . .     Faith    .   j - +1 chain mail
rPois    ∞         Spirit   .   (no helmet)
rElec    +         Reflect  +   (no cloak)
rCorr    .         Harm     .   (no gloves)
MR       +....                  (no boots)
Stlth    ..........             i - +6 amulet of reflection
HPRegen  0.17/turn              e - ring of protection from magic
MPRegen  0.11/turn              m - ring of flight

@: marked
A: negative energy resistance 1, electricity resistance, unbreathing,
petrification resistance, rot immunity, AC +5
a: Berserk, Trog's Hand, Renounce Religion, Evoke Flight


You were on level 7 of the Dungeon.
You worshipped Trog.
Trog was pleased with you.
You were near starving.

You visited 1 branch of the dungeon, and saw 7 of its levels.

You collected 316 gold pieces.

Inventory:

Hand Weapons
 a - a +0 hand axe of chaos (weapon)
Armour
 j - a +1 chain mail (worn)
Jewellery
 b - an uncursed amulet of the acrobat
 e - a ring of protection from magic (left hand)
 i - a +6 amulet of reflection (around neck)
 m - a ring of flight (right hand)
Wands
 k - a wand of disintegration (9)
 p - a wand of flame (11)
Scrolls
 g - a scroll of magic mapping {unknown}
 r - 3 scrolls of identify
 t - a scroll of blinking
Potions
 d - a potion of curing
 f - 4 potions of lignification
 h - a potion of degeneration
 l - a potion of cancellation {unknown}
 n - a potion of might {unknown}
 o - a potion of resistance {unknown}
 q - a potion of brilliance {unknown}
 s - a potion of berserk rage {unknown}
Comestibles
 c - 6 rations


   Skills:
 + Level 6.6 Fighting
 + Level 5.5 Axes
 + Level 6.1 Armour
 + Level 4.6 Dodging


You had 7 spell levels left.
You didn't know any spells.
Your spell library was empty.

Dungeon Overview and Level Annotations

Branches:
Dungeon (7/15)             Temple (0/1) D:7

Altars:
Ashenzari
Makhleb
Nemelex Xobeh
Okawaru
Yredelemnul

Annotations:
D:7 Harold


Innate Abilities, Weirdness & Mutations

You are resistant to torment.
Your stone body is resilient. (AC +5)
You are immune to poison.
You resist negative energy. (rN+)
You are resistant to electric shocks. (rElec)
You can survive without breathing.
You are immune to petrification.
You are immune to rotting.


Message History

The helpless Harold fails to defend himself.
You hit Harold.
Harold looks more healthy.
The helpless Harold fails to defend himself.
You hit Harold but do no damage.
The helpless Harold fails to defend himself.
You hit Harold but do no damage.
Nothing appears to happen.
You feel less wooden.
Your +1 chain mail unmelds from your body.
The helpless Harold fails to defend himself.
You hit Harold.
The helpless Harold fails to defend himself.
You hit Harold.
Nothing appears to happen.
The helpless Harold fails to defend himself.
You hit Harold but do no damage.
The helpless Harold fails to defend himself.
You hit Harold but do no damage.
Harold is no longer petrified.
You block Harold's attack. Harold hits you with a +0 long sword!
Your chain mail prevents you from hitting Harold.
Harold hits you with a +0 long sword!!
You die...

#....#.#.>.#.##......##..###...
#.##.#.#...#..........#...#....
#........#....#.......#...'....
#...#.##.#.##.#.......#...#....
###...#.. ........#######...####'
#...#....##.#.#.#......##.>.##...
'...#.##....#.#.#.(....#.....#...
#......................#.....#...
#...............@......#.....#...
#..............@.......#.....#...
.......###########.....#.....#...
.......# .....#######... .......#
#+##!.. ......# ...


You could see Harold (berserk).

Vanquished Creatures
  Pikel (D:7)
  Prince Ribbit (D:7)
  A hog (D:7)
  2 slaves (D:7)
  2 ogres
  A centaur (D:6)
  A bullfrog (D:6)
  A wyvern skeleton (D:6)
  2 crimson imps
  A howler monkey (D:4)
  3 bullfrog skeletons
  An orc wizard (D:5)
  3 iguanas
  A worker ant (D:5)
  6 adders
  A shadow imp (D:5)
  An adder zombie (D:3)
  An adder skeleton (D:4)
  3 worms
  A dart slug (D:3)
  A leopard gecko (D:3)
  5 orcs
  4 giant cockroaches
  6 goblins
  8 hobgoblins
  4 jackals (D:6)
  7 kobolds
  2 quokkas
  A ball python (D:2)
  5 bats
  2 frilled lizards (D:3)
  3 rats
  A spectral orc (D:5)
83 creatures vanquished.

Vanquished Creatures (others)
  A slave (D:7)
1 creature vanquished.

Grand Total: 84 creatures vanquished

Notes
Turn   | Place    | Note
-------+----------+-------------------------------------------
     0 | D:1      | Fang the Gargoyle Berserker began the quest for the Orb.
     0 | D:1      | Reached XP level 1. HP: 14/14 MP: 1/1
   298 | D:1      | Reached XP level 2. HP: 16/19 MP: 2/2
   897 | D:2      | Reached XP level 3. HP: 6/23 MP: 3/3
  1684 | D:3      | Reached XP level 4. HP: 29/29 MP: 4/4
  1719 | D:3      | Reached ** piety under Trog
  1795 | D:3      | Found a shattered altar of Ashenzari.
  2574 | D:4      | Found an iron altar of Okawaru.
  2719 | D:4      | Reached XP level 5. HP: 9/33 MP: 5/5
  2912 | D:4      | Noticed an ogre
  2922 | D:4      | Killed an ogre
  2922 | D:4      | Reached XP level 6. HP: 12/39 MP: 6/6
  3550 | D:5      | Entered Level 5 of the Dungeon
  4427 | D:5      | Noticed a phantom
  5077 | D:5      | Reached skill level 5 in Fighting
  5077 | D:5      | Reached XP level 7. HP: 26/44 MP: 7/7
  5325 | D:5      | Found a basalt altar of Yredelemnul.
  5546 | D:6      | Found a burning altar of Makhleb.
  5924 | D:6      | HP: 1/44 [ogre/+0 giant club (5)]
  5939 | D:6      | HP: 2/44 [crimson imp (1)]
  6318 | D:6      | Reached skill level 5 in Armour
  6671 | D:7      | Noticed Pikel
  6671 | D:7      | Noticed Prince Ribbit
  6679 | D:7      | Noticed a hog
  6679 | D:7      | a slave changed into a hog
  6682 | D:7      | Killed Pikel
  6682 | D:7      | Reached skill level 5 in Axes
  6682 | D:7      | Reached XP level 8. HP: 48/51 MP: 8/8
  6873 | D:7      | Found a sparkling altar of Nemelex Xobeh.
  7065 | D:7      | Killed Prince Ribbit
  7162 | D:7      | Found a staircase to the Ecumenical Temple.
  7233 | D:7      | Noticed Harold
  7272 | D:7      | Slain by Harold

Skill      XL: |  1  2  3  4  5  6  7  8 |
---------------+-------------------------+-----
Axes           | 3 4 5 |  5.5
Dodging        | 2 3 4 |  4.6
Armour         | 3 4 5 6 |  6.1
Fighting       | 4 5 6 |  6.6

Action                   |  1- 3 |  4- 6 |  7- 9 || total
-------------------------+-------+-------+-------++-------
Melee: Hand axe          |   120 |   778 |   145 ||  1043
Invok: Berserk           |     1 |     2 |     2 ||     5
  Use: Scroll            |     1 |     7 |     2 ||    10
       Potion            |       |     1 |       ||     1
 Stab: Distracted        |     1 |       |       ||     1
       Petrified         |       |       |     7 ||     7
       Confused          |       |       |     1 ||     1
       Petrifying        |       |       |     1 ||     1
  Eat: Chunk             |     3 |     9 |     4 ||    16
       Ration            |       |     2 |     1 ||     3
Armor: Animal skin       |    36 |       |       ||    36
       Chain mail        |    15 |   503 |    71 ||   589
       Skin              |       |       |     4 ||     4
Dodge: Dodged            |    95 |   357 |    60 ||   512
Block: Other             |       |    15 |    46 ||    61
       Reflection        |       |       |     4 ||     4
